 Dungeon Crawl Stone Soup version 0.29-a0-575-g0dc89cf053 (webtiles) character file.

Game seed: 5304642209689179224

162 spaghetti the Skirmisher (level 5, -5/63 HPs)
             Began as a Demonspawn Berserker on June 12, 2022.
             Was a Believer of Trog.
             Slain by an ogre
             ... wielding a +0 giant club
              (33 damage)
             ... on level 4 of the Dungeon.
             The game lasted 00:04:01 (3292 turns).

spaghetti the Skirmisher (Demonspawn Berserker)     Turns: 3292, Time: 00:04:01

Health: -5/63      AC:  5    Str: 20    XL:     5   Next: 19%
Magic:  5/5        EV: 13    Int:  8    God:    Trog [**....]
Gold:   129        SH:  0    Dex: 18    Spells: 4/4 levels left

rFire   . . .      SeeInvis +   j - +5 dagger "Mutheam" {spect, Dex+2 SInv, short}
rCold   . . .      Faith    .   (no shield)
rNeg    . . .      Spirit   .   a - +0 animal skin
rPois   .          Reflect  .   (helmet restricted)
rElec   +          Harm     .   e - +0 cloak
rCorr   .          Rampage  .   H - +0 pair of gloves
Will    +....                   v - +0 pair of boots of Wonder {rElec Will+ Dex+4}
Stlth   ..........              (no amulet)
HPRegen 0.20/turn               (no ring)
MPRegen 0.09/turn               (no ring)

@: berserking, very quick
A: horns 1, weakness stinger 1
a: Renounce Religion, Berserk, Trog's Hand


You were on level 4 of the Dungeon.
You worshipped Trog.
Trog was pleased with you.
You visited 1 branch of the dungeon, and saw 4 of its levels.

You collected 129 gold pieces.


Innate Abilities, Weirdness & Mutations

You have a pair of small horns on your head.
You have a small tail.


   Skills:
 + Level 3.9 Fighting
 + Level 2.9 Armour
 + Level 2.8 Dodging
 + Level 3.5 Unarmed Combat


You had 4 spell levels left.
You didn't know any spells.
Your spell library contained the following spells:

 Spells                   Type           Power      Damage    Failure   Level
 Dazzling Flash           Conj/Hex       0%         N/A       78%         3
 Iskenderun's Mystic Bla  Conj/Tloc      0%         2d3       99%         4
 Summon Forest            Summ/Tloc      0%         N/A       100%        5
 Summon Mana Viper        Hex/Summ       0%         N/A       100%        5
 Starburst                Conj/Fire      0%         6d3       100%        6
 Summon Cactus Giant      Summ           0%         N/A       100%        6

Inventory:

Hand Weapons
 b - a +0 dagger {short}
   (You took it off a kobold on level 1 of the Dungeon)
 d - a +0 dagger {short}
   (You took it off a goblin on level 1 of the Dungeon)
 i - a +0 club {mace}
   (You took it off a goblin on level 1 of the Dungeon)
 j - the +5 dagger "Mutheam" (weapon) {spect, Dex+2 SInv, short}
   (You found it on level 3 of the Dungeon)

   When its wielder attacks, the weapon's spirit leaps out and strikes again.
   The spirit shares a part of any damage it takes with its wielder.
   Dex:       It affects your dexterity (+2).
   SInv:      It lets you see invisible.
 k - a +0 club {mace}
   (You took it off a kobold on level 1 of the Dungeon)
 l - a +0 hunting sling {sling}
   (You found it on level 1 of the Dungeon)
 q - a +0 dagger {short}
   (You found it on level 1 of the Dungeon)
 s - a +0 spear {polearm}
   (You found it on level 1 of the Dungeon)
Missiles
 c - 138 stones (quivered) {throwing}
 f - 5 atropa-tipped darts {throwing}
 o - 10 poisoned darts {throwing}
 t - 5 boomerangs {throwing}
Armour
 a - a +0 animal skin (worn)
 e - a +0 cloak (worn)
   (You found it on level 1 of the Dungeon)
 v - the +0 pair of boots of Wonder (worn) {rElec Will+ Dex+4}
   (You acquired it on level 1 of the Dungeon)

   Dex:       It affects your dexterity (+4).
   rElec:     It insulates you from electricity.
   Will:      It increases your willpower.
 H - a +0 pair of gloves (worn)
   (You found it on level 2 of the Dungeon)
Jewellery
 F - a ring of flight
   (You found it on level 2 of the Dungeon)
 J - a ring of willpower
   (You found it on level 3 of the Dungeon)
Wands
 I - a wand of paralysis (4)
   (You found it on level 2 of the Dungeon)
 K - a wand of flame (16)
   (You took it off Ijyb on level 3 of the Dungeon)
Scrolls
 g - 2 scrolls of blinking {!r}
 h - 2 scrolls of noise {!r}
 m - 3 scrolls of amnesia
 x - a scroll of immolation {!r!r}
 y - a scroll of silence {!r}
 C - a scroll of enchant weapon {unknown}
 D - a scroll of teleportation {@r4}
 E - a scroll of vulnerability {unknown}
Potions
 n - 2 potions of heal wounds {unknown}
 p - 3 potions of might {unknown}
 r - 2 potions of lignification {unknown}
 u - a potion of ambrosia {unknown}
 w - a potion of flight {unknown}
 z - 2 potions of attraction {unknown}
 A - 2 potions of curing {unknown}
 B - a potion of resistance {unknown}
 G - 2 potions of mutation {unknown}
 L - a potion of brilliance {unknown}

Dungeon Overview and Level Annotations

Branches:
Dungeon (4/15)
 Temple: D:4-7

Altars:

.# .# .# # .. .#
#. #. .# #.##. .#
#....# .# #..O#.#
#.#@# #)## ###
#.# ######.## #.#
..<.†...## #.#
####.)..)######.#
...†............#
##........#######
##..#...#.#


You could see an ogre.


Message History

😕 HP[-1]
You take 1 damage, and now have 40/42 hp.
You hit the ball python.
You kill the ball python!
Trog accepts your kill. 😕 HP[+1]
You puncture the orc!
You kill the orc!
Trog accepts your kill.
An orc comes into view. It is wielding a +0 club.
You hit the orc. Your headbutt misses the orc. Your punch misses the orc.
Your +5 dagger "Mutheam" {spect, Dex+2 SInv, short} hits the orc.
You kill the orc!
Trog accepts your kill.
Items here: )) [[ †††.
The orc hits you with a +0 club. 😕 HP[-1]
You take 1 damage, and now have 40/42 hp.
You puncture the orc!
You kill the orc!
Trog accepts your kill.
No target in view!
No target in view!
No target in view!
No target in view!
No target in view!
No target in view!
No target in view!
No target in view!
No target in view!
No target in view!
No target in view!
No target in view!
No target in view!
No target in view!
No target in view!
No target in view!
No target in view!
Things that are here:
a +0 club {mace}; a +0 leather armour; 😎 HP[+2]
Your hp is fully restored (42).
You now have 124 gold pieces (gained 8).
Key pressed, stopping explore.
A kobold comes into view.
It is wielding a +0 dagger and quivering poisoned darts.
A kobold is nearby!
The kobold throws a poisoned dart.
The poisoned dart hits you!
You are poisoned.
Unknown command.
You feel sick. 😕 HP[-2]
You take 2 damage, and now have 40/42 hp.
You feel sick.
You see here 5 gold pieces. 😕 HP[-2]
You take 2 damage, and now have 38/42 hp.
You feel sick.
The kobold hits you with a +0 dagger. 😕 HP[-3]
You take 3 damage, and now have 35/42 hp.
You closely miss the kobold.
You headbutt the kobold, but do no damage.
You feel sick.
The kobold hits you but does no damage. 😕 HP[-1]
You take 1 damage, and now have 34/42 hp.
You hit the kobold.
You kill the kobold!
Trog accepts your kill.
You feel sick. 😕 HP[-1]
You take 1 damage, and now have 33/42 hp.
You feel sick.
o - 10 poisoned darts {throwing} (gained 3)
You see here a +0 dagger {short}.
You feel sick. 😕 HP[-1]
You take 1 damage, and now have 32/42 hp.
You feel sick.
You are no longer poisoned.
Key pressed, stopping explore.
You now have 129 gold pieces (gained 5).
You see here a +0 dagger {short}.
An ogre comes into view. It is wielding a +0 giant club.
The ogre shouts!
The ogre misses you. 😎 HP[+10]
Your hp is fully restored (42).
An ogre is nearby!
An ogre is nearby!
You hit the ogre. You hit the ogre.
The ogre hits you with a +0 giant club!!
Ouch! That really hurt!
* * * LOW HITPOINT WARNING * * *
😨 HP[-23]
You take 23 damage, and now have 19/42 hp.
MASSIVE DAMAGE!! (PAUSE)
A red film seems to cover your vision as you go berserk!
You feel yourself moving faster!
You feel mighty!
The ogre hits you with a +0 giant club!!
Ouch! That really hurt!
You die...

Skill      XL: |  1  2 |
---------------+-------+-----
Armour         | 2 |  2.9
Dodging        | 2 |  2.8
Unarmed Combat | 3 |  3.5
Fighting       | |  3.9

Action                   |  1- 3 |  4- 6 || total
-------------------------+-------+-------++-------
Melee: Unarmed           |   129 |    11 ||   140
       Punch             |     1 |     1 ||     2
       Headbutt          |    19 |     7 ||    26
       Dagger            |       |    43 ||    43
Invok: Berserk           |     1 |     1 ||     2
  Use: Scroll            |     5 |     3 ||     8
 Stab: Sleeping          |     4 |     2 ||     6
Armor: Animal skin       |    41 |    17 ||    58
Dodge: Dodged            |    92 |    25 ||   117

Levels and vault maps discovered:
D:1:      onia_arrival_handbag, layout_loops_corners,
          shapermc_ecumenical_altar_mp_vishouse, chequers_serial_rivers_micro_d,
          supply_closet_lemuel, minmay_tall_x
D:2:      layout_basic, dk_vineyard_3, minmay_crystal_room
D:3:      layout_loops_corners, uniq_ijyb
D:4:      cheibrodos_greedy_goblins, layout_loops_cross,
          minmay_temple_entry_gardened_gates, gammafunk_ghost_gnarly_gnolls,
          nicolae_specific_store

Notes
Turn   | Place    | Note
-------+----------+-------------------------------------------
     0 | D:1      | spaghetti the Demonspawn Berserker began the quest for the
                  | Orb.
     0 | D:1      | Reached XP level 1. HP: 18/18 MP: 1/1
     0 | D:1      | magus.rc [v1.9.6]
    78 | D:1      | Reached skill level 2 in Armour
    78 | D:1      | Reached skill level 2 in Dodging
    82 | D:1      | You feel monstrous as your demonic heritage exerts itself.
    82 | D:1      | Discovered your monstrous ancestry.
    82 | D:1      | Gained mutation: You have a pair of small horns on your
                  | head. [demonic ancestry]
    82 | D:1      | Reached XP level 2. HP: 15/24 MP: 2/2
   760 | D:1      | Reached skill level 3 in Unarmed Combat
   887 | D:1      | Reached XP level 3. HP: 24/29 MP: 3/3
  1042 | D:1      | Found a faded altar of an unknown god.
  1129 | D:1      | Identified a scroll of acquirement
  1130 | D:1      | Acquired the +0 pair of boots of Wonder {rElec Will+ Dex+4}
  1308 | D:2      | You pick up a book of Spectacle {forbidden} and begin
                  | reading...
  1308 | D:2      | You add the spells Dazzling Flash, Iskenderun's Mystic
                  | Blast and Starburst to your library.
  1675 | D:2      | Reached ** piety under Trog
  1859 | D:2      | Reached XP level 4. HP: 34/35 MP: 4/4
  2224 | D:3      | Identified the +5 dagger "Mutheam" {spect, Dex+2 SInv}
  2637 | D:3      | Noticed Ijyb
  2643 | D:3      | Killed Ijyb
  2805 | D:3      | Gained mutation: You have a small tail. [demonic ancestry]
  2805 | D:3      | Reached XP level 5. HP: 42/42 MP: 5/5
  3135 | D:3      | You pick up a book of the Wilderness {forbidden} and begin
                  | reading...
  3135 | D:3      | You add the spells Summon Forest, Summon Mana Viper and
                  | Summon Cactus Giant to your library.
  3289 | D:4      | Noticed an ogre
  3292 | D:4      | Slain by an ogre

Vanquished Creatures
  Ijyb (D:3)
  5 adders
  2 worms (D:2)
  3 dart slugs
  4 orcs
  9 bats
  3 endoplasms
  7 giant cockroaches
  5 goblins
  8 hobgoblins
  7 kobolds
  5 quokkas
  6 ball pythons
  3 frilled lizards
  6 rats
74 creatures vanquished.

Table legend:
 A = Non-vault XP
 B = Vault XP
 C = Vault XP percentage of total XP
 D = Non-vault monster count
 E = Vault monster count
 F = Vault count percentage of total count
                 A         B        C        D         E       F
            +---------+---------+-------+---------+---------+-------
      Total |     185 |      47 |  20.3 |      65 |       9 |  12.2
            +---------+---------+-------+---------+---------+-------
        D:1 |      32 |      11 |  25.6 |      18 |       8 |  30.8
        D:2 |      54 |       0 |   0.0 |      21 |       0 |   0.0
        D:3 |      72 |      36 |  33.3 |      19 |       1 |   5.0
        D:4 |      27 |       0 |   0.0 |       7 |       0 |   0.0
            +---------+---------+-------+---------+---------+-------

Illustrated notes

Table legend:
 A = Kills in this place as a percentage of kills in entire the game.
 B = Kills by you in this place as a percentage of kills by you in the entire game.
 C = Kills by friends in this place as a percentage of kills by friends in the entire game.
 D = Other kills in this place as a percentage of other kills in the entire game.
 E = Experience gained in this place as a percentage of experience gained in the entire game.
 F = Experience gained in this place divided by the number of levels of this place that you have seen.
                   A       B       C       D       E      F
               +-------+-------+-------+-------+-------+----------------------
         Total | 100.0 | 100.0 |   N/A |   N/A | 100.0 |  58.0
       Dungeon | 100.0 | 100.0 |   N/A |   N/A | 100.0 |  58.0
               +-------+-------+-------+-------+-------+----------------------

Table legend: (Time is in decaauts)
 A = Elapsed time spent in this place.
 B = Non-inter-level travel time spent in this place.
 C = Inter-level travel time spent in this place.
 D = Time resting spent in this place.
 E = Time spent auto-exploring this place.
 F = Levels seen in this place.
 G = Mean time per level.
                   A        B        C        D        E       F      G
               +--------+--------+--------+--------+--------+-----+--------+
         Total |   3296 |   3203 |     93 |      1 |   2719 |   4 |  824.0 |
       Dungeon |   3296 |   3203 |     93 |      1 |   2719 |   4 |  824.0 |
               +--------+--------+--------+--------+--------+-----+--------+

Top non-repeatable levels by time:
     D:1: 1290 daAuts
     D:3: 1054 daAuts
     D:2: 808 daAuts
     D:4: 142 daAuts
